Map: Celestial Enclave LE

Players

JustNUKE - Winner!

  • Race: Protoss Protoss
  • League: Grandmaster
  • Spawn Location: 7:00

HoldTheDoor

  • Race: Protoss Protoss
  • League: Diamond
  • Spawn Location: 1:00

VOD

Have the link to the VOD?

Description

Time

  • Played on: May 7, 2026, 11:20 a.m.
  • Length: 6:00
Show
View Real Time Build Order
Export as new Build Order

JustNUKE Protoss - Winner!

Build Orders: Blink Stalkers 

Get SALT Encoding   

  12  0:00  Probe  
  13  0:12  Probe  
  14  0:18  Pylon  
  14  0:24  Probe  
  15  0:32  Probe  
  15  0:37  Gateway  
  15  0:42  Probe, Assimilator  
  17  0:52  Assimilator  
  17  0:53  Probe  
  18  1:05  Probe  
  18  1:09  Gateway  
  19  1:17  Probe  
  20  1:24  Cybernetics Core  
  20  1:30  Probe  
  21  1:35  Pylon  
  21  1:42  Probe  
  22  1:54  Probe  
  23  1:57  Stalker x2  
  27  2:03  Warp Gate  
  27  2:06  Probe  
  28  2:23  Pylon  
  28  2:25  Stalker  
  30  2:38  Stalker  
  32  2:57  Nexus  
  32  3:03  Stalker  
  34  3:16  Twilight Council  
  34  3:19  Probe  
  35  3:33  Pylon  
  35  3:35  Gateway  
  35  3:40  Blink  
  35  3:49  Pylon  
  35  3:52  Stalker  
  37  3:57  Stalker  
  37  4:00  Probe  
  40  4:13  Probe  
  40  4:16  Probe  
  40  4:25  Probe  
  40  4:28  Probe  
  42  4:34  Stalker  
  42  4:38  Probe  
  45  4:40  Probe  
  46  4:45  Stalker  
  46  4:49  Stalker  
  46  4:51  Probe  
  51  4:53  Probe  
  52  5:00  Forge  
  52  5:03  Probe  
  52  5:05  Probe  
  54  5:10  Stalker  
  56  5:14  Stalker  
  56  5:15  Probe  
  56  5:19  Probe  
  60  5:21  Pylon  
  60  5:26  Stalker  
  62  5:28  Probe  
  62  5:32  Probe  
  64  5:41  Stalker  
  64  5:42  Stalker  
  68  5:44  Probe  
  68  5:49  Stalker  
Show
View Real Time Build Order
Export as new Build Order

HoldTheDoor Protoss 

Build Orders:  

Get SALT Encoding   

  12  0:00  Probe  
  13  0:12  Probe  
  14  0:20  Pylon  
  14  0:24  Probe  
  15  0:34  Probe  
  15  0:40  Gateway  
  15  0:42  Probe  
  17  0:50  Assimilator  
  17  0:58  Probe  
  17  1:03  Assimilator  
  18  1:10  Probe  
  19  1:14  Gateway  
  19  1:22  Probe  
  20  1:27  Cybernetics Core  
  20  1:34  Probe  
  20  1:36  Pylon  
  21  1:46  Probe  
  22  1:58  Probe  
  23  2:03  Stalker x2  
  27  2:10  Warp Gate  
  27  2:12  Probe  
  28  2:19  Pylon  
  28  2:28  Pylon  
  28  2:30  Stalker  
  28  2:33  Probe  
  31  2:45  Sentry  
  31  2:46  Probe  
  31  2:51  Shield Battery  
  34  3:09  Probe  
  35  3:22  Probe  
  35  3:25  Sentry  
  35  3:26  Nexus  
  38  3:27  Pylon  
  38  3:34  Probe  
  39  3:48  Shield Battery  
  41  3:49  Probe  
  42  4:01  Probe, Gateway  
  43  4:03  Stalker  
  43  4:06  Pylon  
  43  4:18  Stalker  
  43  4:20  Probe  
  44  4:29  Stalker  
  46  4:33  Probe  
  47  4:40  Probe  
  47  4:45  Probe  
  49  4:46  Shield Battery  
  49  4:52  Probe  
  50  4:54  Robotics Facility  
  50  4:56  Pylon  
  50  4:57  Probe  
  50  4:59  Zealot x2  
  55  5:06  Twilight Council, Probe  
  56  5:10  Assimilator, Probe  
  57  5:18  Probe  
  57  5:21  Pylon  
  58  5:23  Probe  
  58  5:28  Zealot x2  
  63  5:30  Zealot  
  63  5:32  Probe  
  64  5:48  Stalker  
  64  5:49  Stalker  
  58  5:50  Stalker  
Tags
 
Add a new tag
Caveats
  • Supply blocks, unpowered buildings, or Contaminate may cause inaccurate times.
  • Supply counts are checked every 10 seconds.